 Dungeon Crawl Stone Soup version 0.17.0-56-gd8de76c (webtiles) character file.

169 Ijustatesigmund the Magician (level 5, -2/28 HPs)
             Began as a Deep Elf Wizard on Dec 6, 2015.
             Slain by a slave (8 damage)
             ... led by Pikel
             ... on level 4 of the Dungeon.
             The game lasted 00:10:10 (3039 turns).

Ijustatesigmund the Magician (Deep Elf Wizard)      Turns: 3039, Time: 00:10:10

Health: -2/28      AC:  4    Str:  4    XL:     5   Next: 25%
Magic:  13/24      EV: 12    Int: 24    God:
Gold:   10         SH:  0    Dex: 13    Spells: 5 memorised, 5 levels left

rFire  . . .     SeeInvis .     g - +0 short sword
rCold  . . .     Clarity  .     a - +1 robe
rNeg   + . .     SustAt   .     (no shield)
rPois  .         Gourm    .     b - +0 hat
rElec  .         Spirit   .     (no cloak)
rCorr  .         Warding  .     (no gloves)
rMut   .         Stasis   .     j - +0 pair of boots
MR     .....                    (no amulet)
Stlth  ++........               r - ring of positive energy
                                o - ring of magical power

@: repel missiles, not resistant to hostile enchantments, unstealthy
A: no striking features
a: no special abilities


You were on level 4 of the Dungeon.
You were not hungry.

You visited 1 branch of the dungeon, and saw 4 of its levels.

You collected 208 gold pieces.
You spent 198 gold pieces at shops.

Inventory:

Hand Weapons
 f - a +0 dagger
 g - a +0 short sword (weapon)
Armour
 a - a +1 robe (worn)
 b - a +0 hat (worn)
 j - a +0 pair of boots (worn)
 t - the +4 scale mail "Nuid Loci" {rN++}
   (You bought it in a shop on level 4 of the Dungeon)

   It greatly protects you from negative energy.
Jewellery
 i - an uncursed ring of fire
 k - an uncursed ring of fire
 o - a ring of magical power (left hand)
 r - a ring of positive energy (right hand)
Wands
 q - a wand of confusion (16)
 u - a wand of fire (8)
Scrolls
 e - 2 scrolls of identify
 h - a scroll of enchant armour
 p - 4 scrolls of teleportation
Potions
 m - a potion of curing
Books
 c - a book of Minor Magic

   Spells                             Type                      Level
   a - Magic Dart                     Conjuration                  1
   b - Blink                          Translocation                2
   c - Call Imp                       Summoning                    2
   d - Repel Missiles                 Charms/Air                   2
   e - Slow                           Hexes                        2
   f - Conjure Flame                  Conjuration/Fire             3
   g - Mephitic Cloud                 Conjuration/Poison/Air       3
Comestibles
 d - 3 bread rations
 l - 4 fruits
 n - 2 meat rations
 s - 2 chunks of flesh


   Skills:
 - Level 2.4 Dodging
 + Level 2.4 Stealth
 - Level 6.1 Spellcasting
 + Level 4.4 Conjurations
   Level 1.1 Summonings
 - Level 1.1 Translocations


You had 5 spell levels left.
You knew the following spells:

 Your Spells              Type           Power        Failure   Level  Hunger
a - Magic Dart            Conj           ####         1%          1    None
b - Blink                 Tloc           N/A          10%         2    None
c - Repel Missiles        Chrm/Air       #.....       12%         2    None
d - Mephitic Cloud        Conj/Pois/Air  ##......     14%         3    #......
e - Conjure Flame         Conj/Fire      ###.....     12%         3    #......


Dungeon Overview and Level Annotations

Branches:
Dungeon (4/15)
 Temple: D:4-7

Altars:
Dithmenos
Yredelemnul
Zin

Shops:
D:4 [


Message History

The slave is almost dead.
The slave hits you!
* * * LOW HITPOINT WARNING * * *
Casting: Magic Dart
Confirm with . or Enter, or press ? or * to list all spells.
Aiming: Magic Dart
Press: ? - help, Shift-Dir - straight line, f/p - slave
Aim: a slave, wearing an animal skin (almost dead)
The magic dart hits the slave.
The slave is almost dead.
The slave closely misses you.
Casting: Magic Dart
Confirm with . or Enter, or press ? or * to list all spells.
Aiming: Magic Dart
Press: ? - help, Shift-Dir - straight line, f/p - slave
Aim: a slave, wearing an animal skin (almost dead)
The magic dart hits the slave.
The slave is almost dead.
The slave hits you!
You die...

..#................>S......#..#..
.#.....#...##..................<.
#..........# ...........####..##.
#..........# #.......#..# #. #
#.......##.###........... #
##[>...###.......#......>#
...................#
........###........#
........#......p@.##
##...........###### #....#.#..#.#
##.####....... ..†(..........#
.......#+#..... ..<....+ +......
......## .)#.......


You could see a slave.

Vanquished Creatures
  A hound (D:4)
  A worker ant (D:4)
  4 adders
  An ooze (D:2)
  2 worms (D:3)
  An adder skeleton (D:4)
  3 giant geckos
  8 goblins
  4 hobgoblins
  12 jackals
  A quokka (D:3)
  A ball python (D:2)
  4 bats
  2 giant cockroaches (D:2)
  7 giant newts
  6 kobolds
  14 rats
72 creatures vanquished.

Notes
Turn   | Place    | Note
--------------------------------------------------------------
     0 | D:1      | Ijustatesigmund the Deep Elf Wizard began the quest for the Orb.
     0 | D:1      | Reached XP level 1. HP: 10/10 MP: 7/7
   305 | D:1      | Reached XP level 2. HP: 15/15 MP: 6/9
   309 | D:1      | Learned a level 2 spell: Blink
   312 | D:1      | Learned a level 2 spell: Repel Missiles
   382 | D:1      | Reached skill level 5 in Spellcasting
  1143 | D:2      | Reached XP level 3. HP: 16/19 MP: 5/11
  1563 | D:2      | Reached XP level 4. HP: 24/24 MP: 6/13
  1671 | D:2      | Found a shadowy altar of Dithmenos.
  1818 | D:2      | Reached skill level 6 in Spellcasting
  1916 | D:2      | Learned a level 3 spell: Mephitic Cloud
  1920 | D:2      | Learned a level 3 spell: Conjure Flame
  2469 | D:3      | Found a basalt altar of Yredelemnul.
  2473 | D:3      | Found a glowing silver altar of Zin.
  2817 | D:4      | Reached XP level 5. HP: 14/28 MP: 13/15
  2967 | D:4      | Found Tatiocs's Antique Armour Boutique.
  2975 | D:4      | Bought a warped scale mail for 198 gold pieces
  2975 | D:4      | Identified the +4 scale mail "Nuid Loci" {rN++} (You bought it in a shop on level 4 of the Dungeon)
  3002 | D:4      | Noticed a slave
  3002 | D:4      | Noticed a slave
  3039 | D:4      | Slain by a slave

Action                   |  1- 3 |  4- 6 || total
-------------------------+-------+-------++-------
Melee: Short sword       |     3 |       ||     3
 Cast: Magic Dart        |   117 |    93 ||   210
       Repel Missiles    |     1 |       ||     1
       Blink             |       |     1 ||     1
  Use: Scroll            |       |    10 ||    10
  Eat: Royal jelly       |     1 |       ||     1
       Chunk             |       |     4 ||     4
